Map: Frostline LE

Players

没时间的老张 - Winner!

  • Race: Zerg Zerg
  • League: Platinum
  • Spawn Location: 1:00

Ryu

  • Race: Protoss Protoss
  • League: Platinum
  • Spawn Location: 7:00

VOD

Have the link to the VOD?

Description

Time

  • Played on: April 22, 2025, 11:03 a.m.
  • Length: 3:10
Show
View Real Time Build Order
Export as new Build Order

没时间的老张 Zerg - Winner!

Build Orders: Pool Only 

Get SALT Encoding   

  12  0:00  Drone  
  13  0:08  Drone  
  14  0:20  Overlord  
  14  0:38  Drone x2  
  16  1:05  Spawning Pool  
  11  1:23  Drone x2  
  13  1:29  Drone  
  14  1:52  Zergling x2  
  14  1:53  Zergling x2  
  15  2:00  Zergling x2  
  13  2:03  Queen  
  15  2:09  Zergling x2  
  16  2:21  Zergling x2  
  17  2:31  Zergling x2  
Show
View Real Time Build Order
Export as new Build Order

Ryu Protoss 

Build Orders:  

Get SALT Encoding   

  12  0:00  Probe  
  13  0:13  Probe  
  14  0:19  Pylon  
  14  0:25  Probe  
  15  0:37  Probe  
  15  0:40  Gateway  
  16  0:46  Probe  
  16  0:48  Assimilator  
  17  0:54  Probe  
  18  1:10  Pylon  
  17  1:14  Probe  
  13  1:26  Probe, Zealot  
  16  1:38  Probe  
  17  2:03  Probe  
  18  2:19  Cybernetics Core  
  18  2:32  Gateway  
  18  2:38  Probe  
  19  3:01  Pylon  
Tags
 
Add a new tag
Caveats
  • Supply blocks, unpowered buildings, or Contaminate may cause inaccurate times.
  • Supply counts are checked every 10 seconds.